 Dungeon Crawl Stone Soup version 0.28-a0-94-g325244837d (webtiles) character file.

Game seed: 16839359694586600513

8414 HAL9000 the Grappler (level 11, -6/92 HPs)
             Began as a Green Draconian Transmuter on Aug 5, 2021.
             Was an Elder of Elyvilon.
             Shot with an arrow by a centaur warrior (18 damage)
             ... on level 13 of the Dungeon on Aug 7, 2021.
             The game lasted 00:31:38 (13287 turns).

HAL9000 the Grappler (Green Draconian Transmuter)  Turns: 13287, Time: 00:31:39

Health: -6/92      AC: 12    Str: 13    XL:     11   Next: 9%
Magic:  17/17      EV: 14    Int: 22    God:    Elyvilon [****..]
Gold:   530        SH:  0    Dex: 18    Spells: 10/18 levels left

rFire   . . .      SeeInvis .     - Unarmed
rCold   . . .      Faith    .   (no shield)
rNeg    . . .      Spirit   .   (armour unavailable)
rPois   +          Reflect  .   (helmet restricted)
rElec   .          Harm     .   (no cloak)
rCorr   .          Rampage  +   j - +1 pair of gloves
Will    .....                   l - +2 pair of boots {rampage}
Stlth   ++........              C - amulet of regeneration
HPRegen 1.25/turn               I - +6 ring of dexterity
MPRegen 0.15/turn               M - +6 ring of intelligence

@: spiked, very slightly contaminated, invisible
A: breathe noxious fumes, AC +7, unfitting armour, poison resistance,
cold-blooded
a: Breathe Noxious Fumes, Renounce Religion, Lesser Healing, Heal Other,
Purification, Greater Healing, Divine Protection


You were on level 13 of the Dungeon.
You worshipped Elyvilon.
Elyvilon was greatly pleased with you.
You visited 2 branches of the dungeon, and saw 13 of its levels.
You also visited: Sewer.

You collected 530 gold pieces.

Inventory:

Hand Weapons
 A - a +2 vorpal hand crossbow
Missiles
 e - 50 poisoned darts (quivered)
 x - 2 curare-tipped darts
 B - 84 bolts
 H - 3 throwing nets
 O - 3 silver boomerangs
 Q - 3 javelins
Armour
 j - a +1 pair of gloves (worn)
 l - a +2 pair of boots of rampaging (worn)
Magical Staves
 r - a staff of earth
 G - a staff of air
Jewellery
 C - an amulet of regeneration (around neck)
 D - an amulet of guardian spirit
 I - a +6 ring of dexterity (left hand)
 M - a +6 ring of intelligence (right hand)
 P - a +6 ring of dexterity
Wands
 t - a wand of polymorph (6)
Scrolls
 a - a scroll of summoning {unknown}
 g - 3 scrolls of enchant weapon
 h - a scroll of amnesia {unknown}
 m - a scroll of brand weapon {unknown}
 p - a scroll of silence
 q - 2 scrolls of blinking
 u - a scroll of enchant armour
 E - a scroll of holy word {unknown}
 J - a scroll of immolation {unknown}
 L - a scroll of magic mapping {unknown}
Potions
 d - a potion of invisibility
 f - 2 potions of flight
 i - 3 potions of lignification
 k - 10 potions of mutation
 n - 4 potions of might
 o - 2 potions of attraction
 s - 2 potions of curing
 v - 3 potions of haste
 w - a potion of magic
 z - 2 potions of resistance
 F - a potion of brilliance {unknown}
 K - a potion of berserk rage {unknown}
 N - a potion of cancellation {unknown}
 R - a potion of heal wounds
Miscellaneous
 b - a phial of floods


   Skills:
 - Level 7.4 Fighting
 - Level 5.0 Dodging
 - Level 10.0 Unarmed Combat
 - Level 4.2 Spellcasting
 + Level 9.5 Transmutations
 * Level 0.5 Air Magic
 - Level 6.1 Invocations


You had 10 spell levels left.
You knew the following spells:

 Your Spells              Type           Power      Damage    Failure   Level
a - Beastly Appendage     Tmut           92%        N/A       1%          1
b - Wereblood             Tmut           46%        N/A       1%          2
c - Spider Form           Tmut/Pois      12%        N/A       4%          3
d - Blink                 Tloc           N/A        N/A       17%         2

Your spell library contained the following spells:

 Spells                   Type           Power      Damage    Failure   Level
 Ignite Poison            Fire/Tmut/Pois 18%        N/A       9%          3
 Foxfire                  Conj/Fire      16%        2x1d4     11%         1
 Freeze                   Ice            16%        1d4       11%         1
 Sandblast                Erth           8%         2d5       11%         1
 Summon Small Mammal      Summ           16%        N/A       11%         1
 Ice Form                 Ice/Tmut       25%        N/A       16%         4
 Ensorcelled Hibernation  Hex/Ice        8%         N/A       17%         2
 Call Canine Familiar     Summ           4%         N/A       32%         3
 Conjure Flame            Conj/Fire      4%         6-21      32%         3
 Frozen Ramparts          Ice            8%         1d2       32%         3
 Inner Flame              Hex/Fire       4%         N/A       32%         3
 Lesser Beckoning         Tloc           2%         N/A       32%         3
 Summon Guardian Golem    Hex/Summ       4%         N/A       32%         3
 Hailstorm                Conj/Ice       4%         3d4       73%         4
 Sticky Flame             Conj/Fire      4%         2d3       73%         4
 Summon Ice Beast         Ice/Summ       4%         N/A       73%         4
 Freezing Cloud           Conj/Ice/Air   2%         6-21      96%         5
 Manifold Assault         Tloc           4%         N/A       97%         5
 Shadow Creatures         Summ           N/A        N/A       100%        6
 Storm Form               Tmut/Air       13%        N/A       100%        7


Dungeon Overview and Level Annotations

Branches:
Dungeon (11/15)            Temple (1/1) D:6            Lair (0/6) D:11
    Orc (0/2) D:10          Sewer (visited)

Altars:
Ashenzari
Cheibriados
Dithmenos
Elyvilon
Fedhas
Gozag
Hepliaklqana
Kikubaaqudgha
Makhleb
Nemelex Xobeh
Okawaru
Qazlal
Ru
Sif Muna
Trog
Uskayaw
Vehumet
Wu Jian
Xom
Yredelemnul
Zin
The Shining One

Shops:
D:2 (   D:4 =   D:8 *

Annotations:
D:7 3 runed translucent doors, Yggy's ghost, novice MiHu


Innate Abilities, Weirdness & Mutations

You can breathe blasts of noxious fumes.
Your lurid green scales are hard. (AC +7)
You cannot fit into any form of body armour.
Your system is resistant to poisons. (rPois)
You are cold-blooded and may be slowed by cold attacks.


Message History

[Y]es or [N]o only, please.
The barbs in your skin will harm you if you move.
Continue?
Okay, then.
Okay, then.
You hear an angry buzzing noise.
The centaur warrior shouts!
The centaur warrior wields a +0 shortbow of flaming.
It bursts into flame!
The centaur warrior shoots an arrow.
The arrow hits you but does no damage.
The manticore flicks its tail.
The volley of spikes misses you.
Unknown command.
The barbs in your skin will harm you if you move.
Continue?
The barbed spikes dig painfully into your body as you move.
A troll comes into view.
Found a shiny ring mail.
Okay, then.
Okay, then.
You fade into invisibility!
You are very lightly contaminated with residual magic.
The troll barely misses you. The troll closely misses you. The troll claws you!
The centaur warrior shoots an arrow.
The troll closely misses you. The troll barely misses you.
The troll misses you. The manticore barely misses you.
The manticore misses you. The manticore completely misses you.
The centaur warrior shoots an arrow.
The troll closely misses you. The troll claws you but does no damage.
The troll claws you. The manticore bites you! The manticore claws you.
The manticore completely misses you.
The centaur warrior shoots an arrow.
The arrow hits you!
* * * LOW HITPOINT WARNING * * *
The arrow burns you.
* * * LOW HITPOINT WARNING * * *
You strike the helpless manticore from behind!
You hit the manticore.
You tail-slap the manticore, but do no damage.
The manticore is lightly wounded.
The troll bites you!
* * * LOW HITPOINT WARNING * * *
The troll misses you. The troll completely misses you.
The centaur warrior shoots an arrow.
The arrow hits you!!
You die...

..# # ..c
.## # ..
..#### #
#.#. #....
.# ..###..#
.. #.c...#
#. #.#...#
#.##.....#
#T@###..#
#.#H.[#..#
#.#..###..#
#. .##.....#
#. .#
#.#...# # $.
#.....#
#.#...###..#
# #.# ##..#
###...##...#


You could see a centaur warrior, a manticore and a troll.

Vanquished Creatures
  Harold (D:7)
  2 two-headed ogres (D:10)
  A cyclops (D:10)
  A troll (D:11)
  2 hornets
  2 shadows
  A wyvern (D:9)
  8 vampire mosquitoes
  2 wargs (D:11)
  An acid dragon (D:8)
  A water moccasin (D:7)
  An ice beast (D:5)
  An orc warrior (D:9)
  2 black bears
  2 sky beasts
  4 ogres
  A centaur (D:11)
  3 phantoms
  4 kobold brigands
  4 bullfrogs
  A gnoll sergeant (D:9)
  2 scorpions (D:5)
  4 killer bees (D:8)
  8 wights
  5 howler monkeys
  3 centaur zombies
  A bullfrog zombie (D:5)
  2 hounds
  2 orc priests
  A jelly (D:6)
  An iguana (D:7)
  11 orc wizards
  A killer bee zombie (D:7)
  A howler monkey zombie (D:4)
  5 gnolls (D:8)
  7 adders
  7 river rats
  2 shadow imps
  A white imp (D:5)
  4 worms
  2 dart slugs
  28 orcs
  12 ball pythons
  8 endoplasms
  3 giant cockroaches
  6 goblins
  4 hobgoblins
  5 jackals
  35 kobolds
  5 quokkas
  5 bats
  3 frilled lizards
  24 rats
253 creatures vanquished.

Vanquished Creatures (others)
  An orc priest (D:11)
  2 orc wizards
  2 fungi (D:7)
  2 plants (D:7)
  A withered plant (D:10)
8 creatures vanquished.

Grand Total: 261 creatures vanquished

Notes
Turn   | Place    | Note
-------+----------+-------------------------------------------
     0 | D:1      | HAL9000 the Draconian Transmuter began the quest for the
                  | Orb.
     0 | D:1      | Reached XP level 1. HP: 16/16 MP: 3/3
   266 | D:1      | Reached XP level 2. HP: 23/23 MP: 3/5
   962 | D:2      | Reached XP level 3. HP: 26/28 MP: 4/6
  1402 | D:2      | Found Sefeqesh's Antique Weapon Boutique.
  2267 | D:3      | Found a faded altar of an unknown god.
  2352 | D:3      | Learned a level 2 spell: Wereblood
  2358 | D:3      | Reached XP level 4. HP: 22/35 MP: 3/7
  2372 | D:3      | Learned a level 3 spell: Spider Form
  2987 | D:4      | Found a glowing drain.
  3009 | D:4      | Reached skill level 5 in Transmutations
  3012 | Sewer    | Entered a sewer
  3355 | Sewer    | Reached XP level 5. HP: 29/40 MP: 2/8
  4073 | Sewer    | Reached XP level 6. HP: 48/48 MP: 2/9
  4751 | D:4      | Reached skill level 4 in Unarmed Combat
  5936 | D:4      | Found Mafromut's Jewellery Boutique.
  5949 | D:5      | Entered Level 5 of the Dungeon
  5950 | D:5      | Noticed an ice beast
  5963 | D:5      | Killed an ice beast
  5964 | D:5      | Reached skill level 5 in Unarmed Combat
  5964 | D:5      | Your scales start taking on a lurid green colour.
  5964 | D:5      | Reached XP level 7. HP: 17/57 MP: 7/10
  5964 | D:5      | Gained mutation: Your system is resistant to poisons.
                  | (rPois) [Green Draconian growth]
  6174 | D:5      | Reached skill level 6 in Unarmed Combat
  6551 | D:5      | Reached skill level 7 in Unarmed Combat
  6551 | D:5      | Reached XP level 8. HP: 53/67 MP: 11/11
  6938 | D:5      | Found a shimmering altar of Xom.
  6938 | D:5      | Found an ancient bone altar of Kikubaaqudgha.
  6938 | D:5      | Found an ornate altar of the Wu Jian Council.
  6938 | D:5      | Found a broken altar of Ashenzari.
  6982 | D:5      | Found a hide-covered altar of Uskayaw.
  6985 | D:5      | Found a glowing golden altar of the Shining One.
  7029 | D:5      | Reached skill level 5 in Fighting
  7029 | D:5      | Reached skill level 8 in Unarmed Combat
  7102 | D:6      | Found a staircase to the Ecumenical Temple.
  7121 | D:6      | Got the Papyrus of Frigorific Stones
  7140 | Temple   | Entered the Ecumenical Temple
  7824 | D:7      | Found a white marble altar of Elyvilon.
  7925 | D:7      | Reached skill level 9 in Unarmed Combat
  7935 | D:7      | Became a worshipper of Elyvilon the Healer
  8005 | D:7      | Noticed a hornet
  8011 | D:7      | Killed a hornet
  8078 | D:7      | Found a runed translucent gate.
  8093 | D:7      | Found a runed translucent gate.
  8094 | D:7      | Found a runed translucent gate.
  8094 | D:7      | Noticed a kobold demonologist
  8098 | D:7      | Noticed Yggy's ghost (novice MiHu)
  8200 | D:7      | Reached XP level 9. HP: 63/74 MP: 10/12
  8464 | D:7      | Noticed Harold
  8532 | D:7      | HP: 1/78 [Harold (16)]
  8740 | D:6      | Identified a scroll of acquirement
  8740 | D:6      | Acquired a +2 pair of boots of rampaging
  8923 | D:7      | Reached * piety under Elyvilon
  9689 | D:8      | Reached skill level 5 in Dodging
  9812 | D:8      | Found Ziqif's Lightly-Used Armoury.
  9887 | D:8      | Reached ** piety under Elyvilon
 10093 | D:9      | Found a hide-covered altar of Uskayaw.
 10399 | D:9      | Reached *** piety under Elyvilon
 10408 | D:9      | Found a burning altar of Makhleb.
 10463 | D:9      | Found a glowing silver altar of Zin.
 10658 | D:9      | Reached XP level 10. HP: 83/86 MP: 13/15
 10912 | D:7      | HP: 4/86 [Harold (15)]
 10917 | D:7      | Killed Harold
 11136 | D:9      | Upgraded the game from 0.28-a0-80-g9707f7362f to
                  | 0.28-a0-87-g9a7839dea9
 11142 | D:10     | Entered Level 10 of the Dungeon
 11143 | D:10     | Upgraded the game from 0.28-a0-87-g9a7839dea9 to
                  | 0.28-a0-94-g325244837d
 11146 | D:10     | Learned a level 2 spell: Blink
 11170 | D:10     | Paralysed by a hornet for 3 turns
 11289 | D:9      | HP: 4/86 [vampire mosquito (4)]
 11293 | D:9      | Elyvilon protects you from harm!
 11405 | D:10     | Found a basalt altar of Yredelemnul.
 11425 | D:10     | Noticed a cyclops
 11602 | D:10     | Killed a cyclops
 11707 | D:10     | Noticed a two-headed ogre
 11895 | D:10     | Found a staircase to the Orcish Mines.
 12019 | D:11     | Noticed a boulder beetle
 12196 | D:11     | Noticed a gargoyle
 12228 | D:10     | Killed a two-headed ogre
 12280 | D:11     | Found a staircase to the Lair.
 12281 | D:11     | Noticed a two-headed ogre
 12757 | D:10     | Killed a two-headed ogre
 12924 | D:11     | Reached XP level 11. HP: 92/92 MP: 15/17
 13076 | D:11     | Reached **** piety under Elyvilon
 13234 | D:11     | Reached skill level 10 in Unarmed Combat
 13264 | D:11     | You fall into a shaft and drop 2 floors!
 13280 | D:13     | Noticed a centaur warrior
 13287 | D:13     | Shot with an arrow by a centaur warrior

Illustrated notes

Levels and vault maps discovered:
D:1:      dpeg_arrival_tiny_h, layout_basic, st_stairs_1
D:2:      layout_loops_ring, serial_shops, nicolae_shop_waterfront
D:3:      layout_loops_ring, basic_ecumenical_altar
D:4:      layout_loops_ring, portal_sewer_entry_c, serial_shops, shop,
          corexii_mini_fake_secret_closet
D:5:      layout_loops_ring, minmay_overflow_temple_hex
D:6:      layout_loops_ring, minmay_temple_entry_sparse_star
D:7:      layout_loops_ring, lemuel_crystal_altar,
          gammafunk_ghost_nasty_kobolds, minmay_misc_feat_iff, uniq_harold
D:8:      layout_basic, minmay_shop_damaged, nicolae_two_hexagons
D:9:      layout_irregular_city, zin_treasury, hangedman_feature_mirror
D:10:     layout_rooms, yredelemnul_altar_generic, orc_0_dummy
D:11:     layout_stronghold, erik_lair_orcish_takeover
D:13:     layout_basic, david_vaults_2, serial_shops, nicolae_take_the_stairs,
          serial_curves, eino_curves_01, eino_curves_04, minmay_starry_boxes
Temple:   nicolae_temple_god_jail

Skill      XL: |  1  2  3  4  5  6  7  8  9 10 11 |
---------------+----------------------------------+-----
Transmutations | 3 4 5 7 9 |  9.5
Fighting       | 3 4 5 7 |  7.4
Unarmed Combat | 5 7 9 10 | 10.0
Dodging        | 2 5 |  5.0
Spellcasting   | 3 4 |  4.2
Invocations    | 6 |  6.1
Air Magic      | |  0.5

Action                   |  1- 3 |  4- 6 |  7- 9 | 10-12 || total
-------------------------+-------+-------+-------+-------++-------
Melee: Unarmed           |   127 |   286 |   386 |   220 ||  1019
       Kick              |    22 |    23 |    52 |    86 ||   183
       Headbutt          |    12 |    14 |    42 |    45 ||   113
       Tailslap          |    12 |    13 |    63 |    46 ||   134
       Punch             |     2 |     4 |    13 |    15 ||    34
 Fire: Hand crossbow     |       |    12 |       |       ||    12
Throw: Dart              |       |       |     1 |    14 ||    15
       Boomerang         |       |       |       |     9 ||     9
 Cast: Beastly Appendage |    26 |    18 |    32 |    16 ||    92
       Wereblood         |     1 |    12 |     9 |       ||    22
       Spider Form       |       |     8 |     6 |     1 ||    15
Invok: Divine Protection |       |       |       |     1 ||     1
 Abil: Breathe Noxious F |       |       |    12 |    13 ||    25
  Use: Scroll            |     1 |     5 |     9 |     8 ||    23
       Potion            |       |       |       |     5 ||     5
 Stab: Sleeping          |     1 |       |     2 |       ||     3
       Confused          |       |       |     8 |    11 ||    19
       Invisible         |       |       |       |     1 ||     1
Armor: Skin              |    44 |    87 |   114 |    76 ||   321
Dodge: Dodged            |    66 |   201 |   232 |   198 ||   697

Table legend: (Time is in decaauts)
 A = Elapsed time spent in this place.
 B = Non-inter-level travel time spent in this place.
 C = Inter-level travel time spent in this place.
 D = Time resting spent in this place.
 E = Time spent auto-exploring this place.
 F = Levels seen in this place.
 G = Mean time per level.
                   A        B        C        D        E       F      G
               +--------+--------+--------+--------+--------+-----+--------+
         Total |  13183 |  12010 |   1173 |   2142 |   7329 |  14 |  941.6 |
       Dungeon |  11532 |  10372 |   1160 |   1533 |   6685 |  12 |  961.0 |
        Temple |     66 |     53 |     13 |      0 |     34 |   1 |   66.0 |
         Sewer |   1584 |   1584 |      0 |    609 |    610 |   1 | 1584.0 |
               +--------+--------+--------+--------+--------+-----+--------+

Top non-repeatable levels by time:
   Sewer: 1584 daAuts
     D:7: 1534 daAuts
     D:4: 1523 daAuts
     D:9: 1306 daAuts
     D:3: 1121 daAuts
     D:2: 1065 daAuts
     D:5: 1002 daAuts
     D:6: 863 daAuts
     D:8: 837 daAuts
    D:10: 797 daAuts
     D:1: 753 daAuts
    D:11: 704 daAuts
  Temple: 66 daAuts
    D:13: 22 daAuts
